Map: Écho EC

Players

AgCl

  • Race: Protoss Protoss

YSAtlas - Winner!

  • Race: Zerg Zerg

VOD

Have the link to the VOD?

Description

Time

  • Played on: May 16, 2015, 5:36 p.m.
  • Length: 10:35
Show
View Real Time Build Order
Export as new Build Order

AgCl Protoss 

Build Orders: Oracle Opening, Oracle Opening, Zealot Archon 

Get SALT Encoding   

  12  0:02  Probe  
  13  0:21  Probe  
  13  0:28  Pylon  
  14  0:30  Assimilator  
  14  0:46  Probe  
  15  0:55  Gateway  
  15  0:58  Probe  
  16  1:07  Pylon  
  16  1:13  Probe  
  17  1:23  Assimilator  
  17  1:25  Probe  
  18  1:37  Pylon  
  18  1:38  Probe (Chrono Boost)  
  19  1:47  Cybernetics Core  
  19  1:49  Probe (Chrono Boost)  
  19  1:52  Zealot (Chrono Boost)  
  22  1:56  Probe (Chrono Boost)  
  23  2:07  Probe (Chrono Boost)  
  24  2:13  Probe (Chrono Boost)  
  25  2:25  Probe, Stargate  
  25  2:27  Warp Gate (Chrono Boost)  
  25  2:37  Probe (Chrono Boost)  
  25  2:43  Gateway  
  26  2:50  Mothership Core (Chrono Boost)  
  28  3:04  Probe  
  29  3:06  Gateway  
  29  3:07  Twilight Council  
  29  3:18  Probe, Pylon  
  30  3:21  Oracle (Chrono Boost)  
  33  3:31  Gateway  
  34  3:39  Gateway  
  33  3:43  Gateway  
  33  3:48  Pylon  
  31  3:58  Void Ray (Chrono Boost)  
  31  4:37  Dark Shrine  
  32  4:44  Nexus  
  31  4:49  Sentry  
  31  4:51  Adept  
  31  4:52  Adept  
  37  5:02  Probe (Chrono Boost)  
  38  5:13  Assimilator  
  38  5:15  Assimilator  
  38  5:39  Pylon  
  38  5:45  Pylon  
  38  5:55  Pylon  
  38  5:56  Probe x2  
  40  5:58  Dark Templar x2  
  40  5:59  Dark Templar  
  46  6:08  Probe (Chrono Boost)  
  48  6:13  Probe (Chrono Boost)  
  48  6:15  Forge  
  49  6:18  Probe (Chrono Boost)  
  49  6:22  Probe (Chrono Boost)  
  49  6:25  Probe (Chrono Boost)  
  51  6:27  Gateway  
  51  6:29  Adept  
  50  6:37  Probe x2 (Chrono Boost)  
  50  6:38  Dark Templar  
  53  6:46  Probe (Chrono Boost)  
  55  6:48  Probe (Chrono Boost)  
  56  6:54  Probe (Chrono Boost)  
  55  7:01  Probe (Chrono Boost)  
  55  7:03  Probe (Chrono Boost)  
  56  7:08  Probe  
  49  7:24  Probe (Chrono Boost)  
  49  7:29  Probe (Chrono Boost)  
  51  7:33  Probe (Chrono Boost)  
  51  7:36  Probe (Chrono Boost)  
  53  7:37  Pylon  
  53  7:39  Nexus  
  53  7:40  Void Ray (Chrono Boost)  
  53  7:41  Pylon  
  57  7:49  Dark Templar x2  
  57  7:50  Zealot x2  
  61  7:54  Protoss Ground Weapons Level 1 (Chrono Boost)  
  61  7:56  Probe  
  62  7:59  Archon  
  62  8:05  Photon Cannon  
  62  8:08  Gateway  
  62  8:09  Gateway  
  62  8:10  Probe (Chrono Boost)  
  64  8:15  Probe (Chrono Boost)  
  64  8:16  Protoss Air Weapons Level 1 (Chrono Boost)  
  65  8:20  Probe (Chrono Boost)  
  65  8:26  Probe  
  66  8:39  Fleet Beacon, Phoenix (Chrono Boost)  
  68  8:43  Archon  
  68  8:44  Stalker  
  55  8:57  Zealot x2  
  55  8:58  Zealot  
  54  9:15  Stalker x2  
  45  9:28  Stalker  
  45  9:29  Stalker x2  
  45  9:30  Stalker  
  52  9:40  Probe x2 (Chrono Boost)  
  52  9:43  Probe (Chrono Boost)  
  53  9:52  Photon Cannon  
  53  9:53  Assimilator  
  53  9:56  Probe (Chrono Boost)  
  53  9:57  Probe (Chrono Boost)  
  53  9:58  Assimilator  
  53  9:59  Probe (Chrono Boost)  
  60  10:04  Probe (Chrono Boost)  
  60  10:06  Probe (Chrono Boost)  
  63  10:14  Probe (Chrono Boost), Stargate  
  63  10:21  Probe (Chrono Boost)  
  65  10:22  Probe (Chrono Boost)  
  65  10:23  Probe (Chrono Boost)  
  65  10:26  Dark Templar  
Show
View Real Time Build Order
Export as new Build Order

YSAtlas Zerg - Winner!

Build Orders: 3 Hatch before Pool 

Get SALT Encoding   

  12  0:02  Drone  
  13  0:12  Overlord  
  13  0:17  Drone  
  14  0:30  Drone x2  
  14  0:35  Drone  
  17  0:45  Drone  
  18  0:58  Hatchery  
  18  1:00  Evolution Chamber  
  17  1:07  Hatchery  
  16  1:42  Drone x2  
  16  1:43  Drone, Spawning Pool  
  18  1:55  Drone  
  18  1:57  Extractor  
  18  2:08  Drone  
  19  2:18  Drone  
  19  2:22  Drone  
  21  2:32  Drone x2  
  21  2:35  Queen x2  
  21  2:37  Overlord  
  27  2:43  Drone  
  28  2:59  Metabolic Boost  
  28  3:02  Overlord  
  28  3:04  Zergling x6  
  31  3:14  Drone  
  31  3:16  Zergling x2  
  31  3:19  Zergling x2  
  34  3:25  Zergling x2  
  35  3:27  Hatchery  
  35  3:30  Zergling x2  
  35  3:37  Zergling x2  
  35  3:55  Drone  
  35  3:56  Drone x7  
  35  4:01  Overlord  
  35  4:02  Overlord  
  43  4:14  Overlord  
  43  4:15  Overlord  
  43  4:19  Spore Crawler, Queen x2  
  43  4:20  Spore Crawler  
  45  4:43  Drone  
  45  4:44  Spore Crawler, Drone x9  
  53  4:51  Queen  
  53  4:59  Extractor  
  51  5:00  Extractor  
  51  5:03  Extractor  
  51  5:05  Drone x5  
  51  5:06  Drone x2  
  56  5:29  Drone x2  
  56  5:30  Drone x11  
  69  5:39  Zergling x6  
  72  5:49  Evolution Chamber  
  71  5:50  Evolution Chamber  
  70  6:01  Lair  
  70  6:04  Drone x4  
  70  6:05  Drone x5  
  70  6:06  Overlord x5  
  79  6:12  Drone x2  
  79  6:17  Zergling x4  
  82  6:23  Zerg Missile Weapons Level 1, Zerg Ground Armor Level 1  
  82  6:24  Queen x2  
  84  6:27  Roach Warren  
  84  6:30  Extractor  
  84  6:31  Extractor  
  79  6:33  Spine Crawler x2  
  77  6:52  Zergling x6  
  76  7:03  Zergling x2  
  76  7:04  Zergling x18  
  83  7:22  Overseer  
  77  7:24  Overseer x2  
  77  7:27  Glial Reconstitution  
  77  7:31  Hydralisk Den  
  76  7:37  Pneumatized Carapace  
  76  7:49  Roach  
  76  7:50  Roach x11  
  100  7:53  Hatchery  
  99  7:59  Hatchery  
  99  8:00  Spine Crawler  
  99  8:02  Spine Crawler  
  99  8:04  Spine Crawler  
  99  8:05  Spine Crawler  
  94  8:06  Spore Crawler, Spine Crawler  
  94  8:09  Spine Crawler  
  91  8:19  Spine Crawler  
  90  8:20  Hydralisk  
  90  8:21  Hydralisk x2  
  90  8:22  Spine Crawler  
  90  8:23  Spine Crawler  
  91  8:36  Ravager x2  
  80  8:58  Hydralisk x7  
  80  8:59  Hydralisk  
  80  9:25  Hydralisk  
  80  9:26  Hydralisk x7  
  80  9:29  Drone x3  
  92  9:42  Hydralisk  
  92  9:43  Hydralisk x4  
  96  10:12  Spore Crawler  
  95  10:15  Drone x3  
  95  10:16  Drone x11  
Tags
 
Add a new tag
Caveats
  • Supply blocks, unpowered buildings, or Contaminate may cause inaccurate times.
  • Supply counts are checked every 10 seconds.